 Dungeon Crawl Stone Soup version 0.13.0-3-g966e3ec (webtiles) character file.

1145 MDvedh the Slicer (level 8, -10/72 HPs)
             Began as a Kobold Berserker on Oct 13, 2013.
             Was an Elder of Trog.
             Mangled by a gnoll
             ... wielding a +3,+5 flail of crushing
              (14 damage)
             ... on Level 4 of the Dungeon.
             The game lasted 00:17:22 (5775 turns).

MDvedh the Slicer (Kobold Berserker)                Turns: 5775, Time: 00:17:22

HP -10/72        AC  8     Str 22      XL: 8   Next: 61%
MP   7/7         EV 20     Int  3      God: Trog [****..]
Gold 24          SH  0     Dex 16      Spells:  0 memorised,  7 levels left

Res.Fire  : . . .   See Invis. : .   m - +0 short sword
Res.Cold  : . . .   Warding    : .   k - +3 leather armour
Life Prot.: . . .   Conserve   : .   (no shield)
Res.Poison: .       Res.Corr.  : .   (no helmet)
Res.Elec. : .       Clarity    : .   (no cloak)
Sust.Abil.: . .     Spirit.Shd : .   d - +1 pair of gauntlets
Res.Mut.  : +       Stasis     : .   (no boots)
Res.Rott. : .       Flight     : .   v - amulet of resist mutation
Saprovore : + + .                    (no ring)
                                     (no ring)

@: berserking, very quick, slightly resistant to hostile enchantments, extremely
unstealthy
A: disease resistance, hooves 1, berserk 1, carnivore 3, saprovore 2, Int -2
a: Burn Spellbooks, Berserk, Trog's Hand, Brothers in Arms, Renounce Religion


You were on level 4 of the Dungeon.
You worshipped Trog.
Trog was greatly pleased with you.
You were full.

You visited 1 branch of the dungeon, and saw 4 of its levels.

You collected 155 gold pieces.
You spent 151 gold pieces at shops.

Inventory:

Hand weapons
 m - a +0,+0 short sword (weapon)
Armour
 d - a +1 pair of gauntlets (worn)
 k - a +3 leather armour (worn)
Magical devices
 g - a wand of fireball (5)
Comestibles
 c - 3 meat rations
Scrolls
 b - 2 scrolls of remove curse
 h - 3 scrolls of identify
 j - a scroll of recharging {unknown}
 l - a scroll of fog
 q - a scroll of teleportation
Jewellery
 v - an amulet of resist mutation (around neck)
Potions
 e - a potion of agility
 f - 3 potions of curing
 i - 3 potions of heal wounds
 n - a potion of brilliance
 o - a potion of cure mutation
 p - a potion of coagulated blood
 t - a potion of restore abilities
 u - a potion of flight


   Skills:
 - Level 3.2 Fighting
 - Level 9.1 Short Blades
 - Level 1.5 Armour
 + Level 9.1 Dodging


You had 7 spell levels left.
You didn't know any spells.

Dungeon Overview and Level Annotations

Branches:
Dungeon (4/27)             Temple (0/1) D:4

Altars:
Nemelex Xobeh
Zin
the Shining One

Shops:
D:4 *


Innate Abilities, Weirdness & Mutations

You recuperate from illness quickly.
You are small and have problems with some larger weapons.
You are carnivorous and can eat meat at any time.
You can eat rotten meat.
You have large cloven feet.
You tend to lose your temper in combat.
You are dopey. (Int -2)


Message History

You see here a throwing net.
The gnoll throws a throwing net.
The throwing net misses you.
You see here a throwing net.
The gnoll completely misses you.
You hit the gnoll but do no damage. You kick the gnoll, but do no damage.
The gnoll zaps a wand.
The puff of frost hits you!
You hit the gnoll but do no damage. Your kick misses the gnoll.
You hit the gnoll but do no damage. Your kick misses the gnoll.
The gnoll zaps a wand.
The puff of frost hits you!
You hit the gnoll but do no damage. You kick the gnoll.
The gnoll is moderately wounded.
The gnoll hits you with a glowing flail!
* * * LOW HITPOINT WARNING * * *
You are too injured to fight recklessly!
You are too injured to fight recklessly!
Use which ability? (? or * to list)
A red film seems to cover your vision as you go berserk!
You feel yourself moving faster!
You feel mighty!
You feel somewhat less full.
The gnoll hits you with a glowing flail!
You die...

..#...#####..#####.....# #.#
..#..##$$##............# #.##
..'._#$$$#######.......# #..#
.>#..##$$# #..####.#####'####
..#...#### #).# #.##.......#
.####### #..# #.##.⌠...⌠.# .#
#(.# #.##.......# .# ### #(.#
#..'...⌠...) .# #.# #@.#
#.##.......# .#####.# #.g#
#..#.⌠...⌠.# ......∩#########..#
#..#.......# ......%)..........#
#..####+####
..................####...........
[........................#######.
#####......................# #.
## ....#############..♣.♣.# #. PP
.....# ##..>..# #.


You could see a gnoll.

Vanquished Creatures
  Edmund (D:4)
  An ogre (D:4)
  A phantom (D:4)
  A giant slug (D:4)
  A hound (D:4)
  A giant frog skeleton (D:4)
  A worker ant (D:4)
  An iguana (D:4)
  3 gnoll shamans (D:4)
  3 orc wizards
  33 gnolls (D:4)
  8 adders
  3 oozes
  7 orcs
  6 bats
  4 giant cockroaches
  8 goblins
  7 hobgoblins
  4 quokkas
  3 giant geckos (D:2)
  A giant gecko skeleton (D:4)
  3 giant newts
  A giant newt skeleton (D:4)
  17 jackals
  9 kobolds
  11 rats
139 creatures vanquished.

Vanquished Creatures (others)
  A bat (D:1)
1 creature vanquished.

Grand Total: 140 creatures vanquished

Notes
Turn   | Place    | Note
--------------------------------------------------------------
     0 | D:1      | MDvedh, the Kobold Berserker, began the quest for the Orb.
     0 | D:1      | Reached XP level 1. HP: 14/14 MP: 0/0
   406 | D:1      | Reached XP level 2. HP: 19/19 MP: 1/1
   735 | D:1      | Reached skill level 5 in Short Blades
  1141 | D:2      | Reached XP level 3. HP: 17/24 MP: 2/2
  1417 | D:2      | Gained mutation: You have large cloven feet. [potion of mutation]
  1417 | D:2      | Gained mutation: You are dopey. (Int -2) [potion of mutation]
  1417 | D:2      | Gained mutation: You tend to lose your temper in combat. [potion of mutation]
  1490 | D:2      | Reached skill level 6 in Short Blades
  1724 | D:2      | Reached XP level 4. HP: 28/28 MP: 3/3
  1789 | D:2      | Found a sparkling altar of Nemelex Xobeh.
  1953 | D:2      | Acquired Trog's second power
  2516 | D:3      | Reached skill level 7 in Short Blades
  2516 | D:3      | Reached XP level 5. HP: 30/33 MP: 4/4
  3166 | D:3      | Found a glowing golden altar of the Shining One.
  3412 | D:4      | Noticed Edmund
  3414 | D:4      | Noticed a phantom
  3473 | D:4      | Killed Edmund
  3473 | D:4      | Reached skill level 9 in Short Blades
  3473 | D:4      | Reached XP level 6. HP: 38/38 MP: 5/5
  3535 | D:4      | Found a staircase to the Ecumenical Temple.
  3558 | D:4      | Killed a phantom
  3558 | D:4      | Reached XP level 7. HP: 36/42 MP: 6/6
  3976 | D:4      | Reached skill level 5 in Dodging
  4437 | D:4      | Acquired Trog's third power
  4458 | D:4      | Noticed an ogre
  4477 | D:4      | Killed an ogre
  4483 | D:4      | Reached XP level 8. HP: 48/48 MP: 7/7
  4960 | D:4      | Noticed a giant goldfish
  4963 | D:4      | Noticed a giant goldfish
  4964 | D:4      | Noticed a giant goldfish
  5481 | D:4      | Found Dugibon's Assorted Antiques.
  5648 | D:4      | Bought a sedimented red potion for 19 gold pieces
  5648 | D:4      | Bought a potion of heal wounds for 66 gold pieces
  5648 | D:4      | Bought a scroll of teleportation for 66 gold pieces
  5709 | D:4      | Found a glowing silver altar of Zin.
  5775 | D:4      | Mangled by a gnoll

Action                   |  1- 3 |  4- 6 |  7- 9 || total
-------------------------+-------+-------+-------++-------
Melee: Short sword       |   102 |   170 |   306 ||   578
Invok: Berserk           |       |     2 |     6 ||     8
       Burn Spellbooks   |       |       |     1 ||     1
  Use: Scroll            |     5 |    13 |     2 ||    20
       Potion            |     2 |       |     1 ||     3
 Stab: Sleeping          |       |     1 |       ||     1
